 Dungeon Crawl Stone Soup version 0.20-a0-1039-gf554463 (console) character file.

20 r4s the Ducker (level 2, -1/14 HPs)
             Began as a Felid Chaos Knight on Apr 22, 2017.
             Slain by a hobgoblin
             ... wielding a +0 club
              (5 damage)
             ... on level 1 of the Dungeon.
             The game lasted 00:02:10 (652 turns).

r4s the Ducker (Felid Chaos Knight)                  Turns: 652, Time: 00:02:11

Health: -1/14      AC:  1    Str: 11    XL:     2   Next: 58%
Magic:  3/3        EV: 18    Int: 13    God:    Xom [....*.]
Gold:   51         SH:  0    Dex: 15    Spells: 1/1 levels left
                                        Lives:  0   Deaths: 0

rFire    . . .     SeeInvis +     - Unarmed
rCold    . . .     Gourm    .   (shield unavailable)
rNeg     . . .     Faith    .   (armour unavailable)
rPois    .         Spirit   .   (helmet unavailable)
rElec    .         Reflect  .   (cloak unavailable)
rCorr    .         Harm     .   (gloves unavailable)
MR       .....                  (boots unavailable)
Stlth    +++.......             e - amulet of magic regeneration
Regen    0.1/turn               b - +3 ring of strength
MPRegen  0.2/turn               (no ring)

@: quick
A: no armour, no weapons or thrown items, stealth, claws 1, fangs 3, see
invisible, carnivore 3, speed 1, shaggy fur 1, slow metabolism 1, sharp paws
a: Renounce Religion


You were on level 1 of the Dungeon.
You worshipped Xom.
You were a beloved toy of Xom.
You were completely stuffed.

You visited 1 branch of the dungeon, and saw 1 of its levels.

You collected 51 gold pieces.

Inventory:

Jewellery
 b - a +3 ring of strength (left paw)
 e - an amulet of magic regeneration (around neck)
Scrolls
 c - a scroll of fear {unknown}
 d - a scroll of noise {unknown}
Potions
 g - a potion of mutation {unknown}
Comestibles
 a - a meat ration
 f - 4 chunks of flesh


   Skills:
 - Level 3.2 Fighting
 - Level 3.2 Dodging
 + Level 2.8 Stealth
 - Level 3.0 Unarmed Combat


You had one spell level left.
You didn't know any spells.

Dungeon Overview and Level Annotations

Branches:
Dungeon (1/15)

Altars:


Innate Abilities, Weirdness & Mutations

You cannot wear armour.
You are incapable of wielding weapons or throwing items.
Your paws allow you to move quietly. (Stealth)
You have sharp claws.
You have razor-sharp teeth.
You have supernaturally acute eyesight. (SInv)
You are carnivorous and can eat meat at any time.
You cover ground quickly.
You are covered in fur. (AC +1)
You have a slow metabolism.
Your sharp claws are effective at attacking unaware monsters.


Message History

A leopard gecko is nearby!
The helpless leopard gecko fails to defend itself.
You mangle the leopard gecko!!
You kill the leopard gecko!
You see here a leopard gecko corpse.
You butcher the leopard gecko corpse.
f - 4 chunks of flesh (gained 2)
Found a stone staircase leading down.
A hobgoblin comes into view. It is wielding a club.
You barely miss the hobgoblin. The hobgoblin misses you.
You completely miss the hobgoblin. The hobgoblin hits you with a club.
* * * LOW HITPOINT WARNING * * *
You are too injured to fight recklessly!
You scratch the hobgoblin.
The hobgoblin is lightly wounded.
The hobgoblin closely misses you.
You scratch the hobgoblin but do no damage.
The hobgoblin is lightly wounded.
The hobgoblin hits you with a club.
You die...

#.####.####.####.###.⌠.#
##.####.####.###...#
#...##...##...####.#
#.⌠.##.⌠.##.⌠.# ##.#
#...##..[##...###..#
#.####.####.####.##...##
............[........###
#######################
...........@g......
.#####.#####.#####
..#####.#####.#
>.............#
#.#####.####### #.# #.#
#############.#
..............#


You could see a hobgoblin.

Vanquished Creatures
  A dart slug (D:1)
  A leopard gecko (D:1)
  A bat (D:1)
  A giant cockroach (D:1)
  3 hobgoblins (D:1)
  4 jackals (D:1)
  A frilled lizard (D:1)
  3 rats (D:1)
15 creatures vanquished.

Notes
Turn   | Place    | Note
-------+----------+-------------------------------------------
     0 | D:1      | r4s the Felid Chaos Knight began the quest for the Orb.
     0 | D:1      | Reached XP level 1. HP: 10/10 MP: 2/2
    12 | D:1      | XOM: harmless Air miscast
   292 | D:1      | Reached skill level 1 in Stealth
   318 | D:1      | XOM: potion effect (agility)
   322 | D:1      | Reached XP level 2. HP: 9/14 MP: 3/3
   405 | D:1      | XOM: harmless Necr miscast
   475 | D:1      | XOM: divination: detect creatures
   583 | D:1      | XOM: divination: detect creatures
   652 | D:1      | Slain by a hobgoblin

Vault maps used:
D:1:      dpeg_arrival_chambers_temple_mockup, serial_curves, eino_curves_01,
          eino_curves_02, eino_curves_01, eino_curves_03

Skill      XL: |  1  2 |
---------------+-------+-----
Stealth        | 1 2 |  2.8
Fighting       | |  3.2
Dodging        | |  3.2
Unarmed Combat | |  3.0

Action                   || total
-------------------------++-------
Melee: Unarmed           ||    49
       Bite              ||     2
 Stab: Sleeping          ||     2
  Eat: Chunk             ||     7
Armor: Skin              ||     3
Dodge: Dodged            ||    33
